 Dungeon Crawl Stone Soup version 0.29.1 (webtiles) character file.

Game seed: 1649954887520342077

3652 qw the Cleaver (level 9, -1/121 HPs)
             Began as a Minotaur Berserker on Sept 13, 2022.
             Was a Priest of Trog.
             Slain by a wyvern (13 damage)
             ... on level 8 of the Dungeon.
             The game lasted 00:02:35 (8507 turns).

qw the Cleaver (Minotaur Berserker)                 Turns: 8507, Time: 00:02:36

Health: -1/121     AC:  9    Str: 25    XL:     9   Next: 88%
Magic:  8/8        EV: 13    Int:  4    God:    Trog [***...]
Gold:   372        SH:  0    Dex: 11    Spells: 8/8 levels left

rFire   . . .      SeeInvis .   Y - +0 hand axe
rCold   . . .      Faith    .   (no shield)
rNeg    . . .      Spirit   .   k - +0 chain mail
rPois   +          Reflect  .   (helmet restricted)
rElec   .          Harm     .   (no cloak)
rCorr   .          Rampage  .   (no gloves)
Will    .....                   (no boots)
Stlth   ..........              g - amulet of the acrobat
HPRegen 0.30/turn               q - ring of poison resistance
MPRegen 0.11/turn               o - +4 ring of evasion

@: berserking, very quick
A: horns 2, retaliatory headbutt
a: Renounce Religion, Berserk, Trog's Hand


You were on level 8 of the Dungeon.
You worshipped Trog.
Trog was most pleased with you.
You visited 1 branch of the dungeon, and saw 8 of its levels.

You collected 372 gold pieces.


Innate Abilities, Weirdness & Mutations

You have a pair of horns on your head.
You reflexively headbutt those who attack you in melee.


   Skills:
 + Level 8.2 Fighting
 - Level 14.0 Axes
 - Level 1.2 Throwing
 - Level 5.3 Armour
 - Level 4.3 Dodging


You had 8 spell levels left.
You didn't know any spells.
Your spell library was empty.

Inventory:

Hand Weapons
 l - a +0 morningstar
 Y - a +0 hand axe (weapon)
Missiles
 p - a boomerang (quivered)
Armour
 k - a +0 chain mail (worn)
 r - +0 swamp dragon scales
Jewellery
 g - an amulet of the acrobat (around neck)
 o - a +4 ring of evasion (right hand)
 q - a ring of poison resistance (left hand)
 s - a +4 ring of evasion
Scrolls
 f - 5 scrolls of identify
 j - a scroll of teleportation
Potions
 a - 2 potions of mutation
 b - 4 potions of heal wounds
 c - a potion of might
 d - a potion of haste
 e - 2 potions of curing
 h - 3 potions of resistance
 i - a potion of cancellation

Dungeon Overview and Level Annotations

Branches:
Dungeon (8/15)             Temple (0/1) D:7
   Lair: D:8-11

Altars:
Cheibriados
Yredelemnul
Zin

Shops:
D:2 [

Annotations:
D:3 3 runed translucent doors, qw's ghost, amateur GrFi
D:6 4 runed translucent doors


Message History

The wyvern bites you!
You hit the kobold brigand.
The kobold brigand is almost dead.
You hit the wyvern but do no damage. You hit the wyvern. The wyvern misses you.
The kobold brigand hits you but does no damage.
The gnoll hits you but does no damage.
You hit the kobold brigand but do no damage.
You headbutt the kobold brigand.
You kill the kobold brigand!
Trog accepts your kill.
You hit the wyvern. x2
The wyvern bites you. The wyvern bites you!
Your Axes skill increases to level 14!
8504 ||| INVOKING Berserk.
A red film seems to cover your vision as you go berserk!
You feel yourself moving faster!
You feel mighty! The wyvern bites you!
The gnoll hits you from afar with a +0 spear.
The wyvern bites you!
The wyvern bites you but does no damage.
You slash the wyvern!
The wyvern is severely wounded.
You slash the wyvern! You slash the orc!
You feel the power of Trog in you as your rage grows.
You kill the orc!
Trog accepts your kill. The wyvern bites you!
The gnoll hits you but does no damage.
You slash the wyvern!
You kill the wyvern!
Trog accepts your kill.
You barely miss the wyvern. You slash the yak! The wyvern misses you.
You furiously retaliate!
You headbutt the wyvern.
Your Armour skill increases to level 5!
You slash the wyvern!
The wyvern is almost dead.
You hit the yak but do no damage.
The wyvern hisses menacingly.
The wyvern bites you!
You die...

# #### #$!
+#@.##
..g..##Y%l.#
...g.lg....#
..8...##..##
......##'##
.....##..##
#?!|##...(#
#####))...#
##..##..##


You could see a yak, 2 wyverns and a gnoll.

Vanquished Creatures
  Maggie (D:7)
  An unseen horror (D:7)
  A hornet (D:7)
  A wraith (D:6)
  A wyvern (D:8)
  Duvessa (D:4)
  A sky beast (D:7)
  A black bear (D:7)
  3 ogres
  2 centaurs
  A phantom (D:6)
  2 kobold brigands (D:8)
  A bullfrog (D:7)
  A necrophage (D:6)
  4 scorpions
  3 wights (D:6)
  Dowan (D:4)
  6 killer bees (D:7)
  2 howler monkeys
  A gnoll bouda (D:6)
  5 hounds
  An orc priest (D:6)
  2 jellies
  3 iguanas
  Terence (D:3)
  7 orc wizards
  12 adders
  2 river rats (D:6)
  A shadow imp (D:7)
  2 white imps
  An ufetubus (D:5)
  A dart slug (D:1)
  14 orcs
  5 ball pythons
  A bat (D:1)
  5 endoplasms
  7 giant cockroaches
  7 goblins
  7 hobgoblins
  8 quokkas
  4 frilled lizards
  11 kobolds
  4 rats
146 creatures vanquished.

Vanquished Creatures (others)
  3 fungi (D:1)
  16 plants
19 creatures vanquished.

Grand Total: 165 creatures vanquished

Notes
Turn   | Place    | Note
-------+----------+-------------------------------------------
     0 | D:1      | qw the Minotaur Berserker began the quest for the Orb.
     0 | D:1      | Reached XP level 1. HP: 19/19 MP: 0/0
     0 | D:1      | 0 ||| qw: Version: 0.1-a-119-g272c26d
     0 | D:1      | 0 ||| qw: Game counter: 11079
     0 | D:1      | 0 ||| qw: Always use a shield: true
     0 | D:1      | 0 ||| qw: Do Orc after D:15 true
     0 | D:1      | 0 ||| qw: Do second Lair branch before Depths: true
     0 | D:1      | 0 ||| qw: Lair rune preference: random
     0 | D:1      | 0 ||| qw: Plans: Normal
     0 | D:1      | 0 ||| PLANNING D:1-11
     6 | D:1      | 6 ||| Stepping ~*~*~tactically~*~*~ (hiding).
   108 | D:1      | 108 ||| Stepping ~*~*~tactically~*~*~ (hiding).
   210 | D:1      | 210 ||| Stepping ~*~*~tactically~*~*~ (hiding).
   312 | D:1      | 312 ||| Stepping ~*~*~tactically~*~*~ (hiding).
   414 | D:1      | 414 ||| Stepping ~*~*~tactically~*~*~ (hiding).
   516 | D:1      | 516 ||| Stepping ~*~*~tactically~*~*~ (hiding).
   623 | D:1      | Found a faded altar of an unknown god.
   635 | D:1      | Reached skill level 4 in Axes
   639 | D:1      | 639 ||| Stepping ~*~*~tactically~*~*~ (stealth).
   644 | D:1      | 644 ||| Stepping ~*~*~tactically~*~*~ (stealth).
   680 | D:1      | Reached XP level 2. HP: 24/26 MP: 1/1
  1262 | D:1      | 1262 ||| DROPPING +0 club.
  1291 | D:1      | 1291 ||| UPGRADING to +0 ring mail.
  1301 | D:1      | 1301 ||| DROPPING +0 animal skin.
  1302 | D:1      | 1302 ||| READING scroll labelled AHUG HEECVEFE.
  1403 | D:1      | 1403 ||| READING scroll labelled KINOUCW JUVIF.
  1404 | D:1      | 1404 ||| READING scroll labelled PAWUMI MIOSAG.
  1408 | D:1      | 1408 ||| READING scroll labelled YNETWA POSI.
  1409 | D:1      | 1409 ||| DRINKING 2 fizzy coppery potions.
  1410 | D:1      | 1410 ||| DRINKING 2 dark potions.
  1411 | D:1      | 1411 ||| DROPPING potion of brilliance.
  1452 | D:2      | Reached skill level 5 in Axes
  1706 | D:2      | Reached XP level 3. HP: 31/31 MP: 2/2
  1734 | D:2      | Found a basalt altar of Yredelemnul.
  1833 | D:2      | Reached ** piety under Trog
  1963 | D:2      | Found Qijoybb's Armour Boutique.
  1974 | D:2      | 1974 ||| SHOPLISTING +1 plate armour of the Hart {-Cast rF+
                  | Dex+5 Stlth+} (627 gold, have 68).
  1974 | D:2      | 1974 ||| SHOPLISTING +2 leather armour of cold resistance
                  | (247 gold, have 68).
  1974 | D:2      | 1974 ||| SHOPLISTING +2 ring mail of the Distant Future
                  | {rCorr} (345 gold, have 68).
  2035 | D:2      | 2035 ||| UPGRADING to amulet of the acrobat.
  2040 | D:2      | 2040 ||| READING scroll labelled JOEQONUC INAIL.
  2041 | D:2      | 2041 ||| READING scroll labelled PASIL VIUCRU.
  2042 | D:2      | 2042 ||| READING scroll labelled GINIOH KETH.
  2130 | D:3      | Noticed Terence
  2134 | D:3      | 2134 ||| INVOKING Berserk.
  2137 | D:3      | Killed Terence
  2138 | D:3      | Reached skill level 6 in Axes
  2138 | D:3      | Reached XP level 4. HP: 39/39 MP: 3/3
  2624 | D:3      | Found a glowing silver altar of Zin.
  2624 | D:3      | Found a snail-covered altar of Cheibriados.
  2745 | D:3      | 2745 ||| Stepping ~*~*~tactically~*~*~ (stealth).
  2797 | D:3      | Found a runed translucent gate.
  2797 | D:3      | Noticed qw's ghost (amateur GrFi)
  2799 | D:3      | Identified the +6 hand axe of the Thieving Gods {freeze,
                  | rPois rF++}
  2800 | D:3      | Found a runed translucent gate.
  2808 | D:3      | Found a runed translucent gate.
  2817 | D:3      | 2817 ||| FLEEEEING.
  2820 | D:3      | 2820 ||| FLEEEEING.
  2821 | D:3      | 2821 ||| FLEEEEING.
  2822 | D:3      | 2822 ||| FLEEEEING.
  2823 | D:3      | 2823 ||| FLEEEEING.
  2824 | D:3      | 2824 ||| FLEEEEING.
  2825 | D:3      | 2825 ||| FLEEEEING.
  2826 | D:3      | 2826 ||| FLEEEEING.
  2827 | D:3      | 2827 ||| FLEEEEING.
  2828 | D:3      | 2828 ||| FLEEEEING.
  2829 | D:3      | 2829 ||| FLEEEEING.
  2831 | D:3      | 2831 ||| FLEEEEING.
  2833 | D:3      | 2833 ||| FLEEEEING.
  2834 | D:3      | 2834 ||| STAIRDANCE
  2858 | D:2      | 2858 ||| UPGRADING to +0 scale mail.
  2868 | D:2      | 2868 ||| DROPPING +0 ring mail.
  2869 | D:2      | 2869 ||| READING scroll labelled IKLI WAWNIEMN.
  2870 | D:2      | 2870 ||| READING scroll labelled YPAYPPA ETEBA.
  2871 | D:2      | 2871 ||| READING scroll labelled ECSIX XUMOR.
  2872 | D:2      | 2872 ||| READING 3 scrolls of identify.
  2872 | D:2      | 2872 ||| IDENTIFYING cyan potion
  2873 | D:2      | 2873 ||| READING 2 scrolls of identify.
  2873 | D:2      | 2873 ||| IDENTIFYING fizzy black potion
  2936 | D:3      | 2936 ||| Stepping ~*~*~tactically~*~*~ (hiding).
  2940 | D:3      | Reached XP level 5. HP: 45/45 MP: 4/4
  2989 | D:3      | 2989 ||| Stepping ~*~*~tactically~*~*~ (stealth).
  3312 | D:4      | Reached skill level 7 in Axes
  3527 | D:4      | 3527 ||| Stepping ~*~*~tactically~*~*~ (stealth).
  3794 | D:4      | Reached XP level 6. HP: 53/53 MP: 5/5
  4067 | D:4      | Noticed Duvessa
  4071 | D:4      | 4071 ||| INVOKING Berserk.
  4071 | D:4      | Noticed Dowan
  4080 | D:4      | Killed Duvessa
  4081 | D:4      | Reached skill level 8 in Axes
  4099 | D:4      | Killed Dowan
  4100 | D:4      | Reached skill level 9 in Axes
  4400 | D:4      | 4400 ||| UPGRADING to +4 ring of evasion.
  4401 | D:4      | 4401 ||| DRINKING 3 sapphire potions.
  4402 | D:4      | 4402 ||| DRINKING 2 purple potions.
  4403 | D:4      | 4403 ||| READING 5 scrolls of identify.
  4403 | D:4      | 4403 ||| IDENTIFYING pink potion
  4404 | D:4      | 4404 ||| READING 4 scrolls of identify.
  4404 | D:4      | 4404 ||| IDENTIFYING bubbling silvery potion
  4405 | D:4      | 4405 ||| READING 3 scrolls of identify.
  4405 | D:4      | 4405 ||| IDENTIFYING coppery potion
  4406 | D:4      | 4406 ||| READING 2 scrolls of identify.
  4406 | D:4      | 4406 ||| IDENTIFYING murky brown potion
  4407 | D:4      | 4407 ||| DROPPING potion of flight.
  4408 | D:4      | 4408 ||| DROPPING potion of degeneration.
  4422 | D:5      | Entered Level 5 of the Dungeon
  4456 | D:5      | 4456 ||| INVOKING Berserk.
  4461 | D:5      | Reached XP level 7. HP: 61/61 MP: 6/6
  4616 | D:5      | 4616 ||| Stepping ~*~*~tactically~*~*~ (hiding).
  4668 | D:5      | 4668 ||| INVOKING Berserk.
  5058 | D:5      | Reached skill level 10 in Axes
  5115 | D:5      | Reached skill level 1 in Throwing
  5151 | D:5      | 5151 ||| DROPPING +3 whip.
  5207 | D:5      | 5207 ||| INVOKING Berserk.
  5210 | D:5      | Reached skill level 6 in Fighting
  5329 | D:5      | Reached XP level 8. HP: 71/71 MP: 7/7
  5428 | D:5      | 5428 ||| UPGRADING to +0 chain mail.
  5438 | D:5      | 5438 ||| DROPPING +0 scale mail.
  5439 | D:5      | 5439 ||| UPGRADING to +6 ring of intelligence.
  5440 | D:5      | 5440 ||| READING 4 scrolls of identify.
  5440 | D:5      | 5440 ||| IDENTIFYING clear potion
  5441 | D:5      | 5441 ||| DROPPING potion of lignification.
  5449 | D:6      | 5449 ||| PLANNING SEWER
  5469 | D:6      | Reached skill level 3 in Armour
  5525 | D:6      | 5525 ||| Stepping ~*~*~tactically~*~*~ (hiding).
  5533 | D:6      | Reached *** piety under Trog
  5539 | D:6      | 5539 ||| Stepping ~*~*~tactically~*~*~ (hiding).
  5542 | D:6      | 5542 ||| INVOKING Berserk.
  5667 | D:6      | 5667 ||| DROPPING +0 flail.
  5736 | D:6      | Found a large runed translucent door.
  5736 | D:6      | Found a large runed translucent door.
  5744 | D:6      | Noticed a cyclops
  5753 | D:6      | Found a large runed translucent door.
  5753 | D:6      | Found a large runed translucent door.
  5768 | D:6      | Reached skill level 11 in Axes
  5768 | D:6      | 5768 ||| Stepping ~*~*~tactically~*~*~ (stealth).
  5770 | D:6      | 5770 ||| INVOKING Berserk.
  5994 | D:6      | 5994 ||| INVOKING Berserk.
  6093 | D:6      | 6093 ||| RIP SEWER
  6102 | D:6      | 6102 ||| PLANNING D:1-11
  6438 | D:6      | Reached skill level 12 in Axes
  6658 | D:6      | 6658 ||| INVOKING Berserk.
  7051 | D:6      | 7051 ||| UPGRADING to ring of poison resistance.
  7053 | D:6      | 7053 ||| UPGRADING to +4 ring of evasion.
  7055 | D:6      | 7055 ||| DROPPING +6 ring of intelligence.
  7056 | D:6      | 7056 ||| READING scroll labelled XETAOG VEISOIPT.
  7095 | D:7      | Noticed a hornet
  7100 | D:7      | Paralysed by a hornet for 2 turns
  7110 | D:7      | Killed a hornet
  7111 | D:7      | Reached XP level 9. HP: 68/79 MP: 8/8
  7199 | D:7      | Found a staircase to the Ecumenical Temple.
  7212 | D:7      | 7212 ||| Stepping ~*~*~tactically~*~*~ (hiding).
  7217 | D:7      | 7217 ||| Stepping ~*~*~tactically~*~*~ (hiding).
  7288 | D:7      | Found a basalt altar of Yredelemnul.
  7310 | D:7      | 7310 ||| INVOKING Berserk.
  7314 | D:7      | Reached skill level 13 in Axes
  7452 | D:7      | Killed an unseen horror
  7580 | D:7      | Noticed Maggie
  7581 | D:7      | 7581 ||| Stepping ~*~*~tactically~*~*~ (hiding).
  7582 | D:7      | 7582 ||| Stepping ~*~*~tactically~*~*~ (hiding).
  7597 | D:7      | 7597 ||| INVOKING Berserk.
  7603 | D:7      | Killed Maggie
  7931 | D:7      | 7931 ||| Stepping ~*~*~tactically~*~*~ (stealth).
  7936 | D:7      | 7936 ||| Stepping ~*~*~tactically~*~*~ (stealth).
  7953 | D:7      | 7953 ||| INVOKING Berserk.
  8342 | D:7      | 8342 ||| DROPPING amulet of faith.
  8343 | D:7      | 8343 ||| DROPPING ring of see invisible.
  8492 | D:8      | 8492 ||| Stepping ~*~*~tactically~*~*~ (hiding).
  8494 | D:8      | 8494 ||| Stepping ~*~*~tactically~*~*~ (hiding).
  8504 | D:8      | Reached skill level 14 in Axes
  8504 | D:8      | 8504 ||| INVOKING Berserk.
  8504 | D:8      | HP: 21/121 [wyvern (13)]
  8507 | D:8      | Slain by a wyvern

Levels and vault maps discovered:
D:1:      lemuel_arrival_behind_the_door_small, layout_rooms,
          dreamdust_ecumenical_altar_statues, dreamdust_mushroom_princess,
          chequers_big_river
D:2:      layout_basic, basic_altar, serial_shops, shop,
          minmay_misc_feat_hallway
D:3:      layout_loops_ring, nicolae_overflow_two_pavilions,
          biasface_ghost_orc_armoury, lexackson_kobold_supper, uniq_terence
D:4:      layout_basic, uniq_duvessa
D:5:      minmay_skewed_foursquare, layout_basic, guppyfry_early_lair_pool
D:6:      layout_loops_ring, gup_sewer_entry_spiral,
          minmay_hollow_rounded_squares
D:7:      layout_cave_pools, mainiacjoe_overflow_alcove_1,
          minmay_temple_entry_statues_pillars, uniq_maggie
D:8:      minmay_bubble_buster, layout_rooms, serial_shops, shop

Skill      XL: |  1  2  3  4  5  6  7  8  9 |
---------------+----------------------------+-----
Axes           | 4 5 6 7 9 10 12 14 | 14.0
Fighting       | 4 5 6 7 8 |  8.2
Throwing       | 1 |  1.2
Armour         | 4 5 |  5.3
Dodging        | 4 |  4.3

Action                   |  1- 3 |  4- 6 |  7- 9 || total
-------------------------+-------+-------+-------++-------
Melee: Hand axe          |    77 |    86 |   282 ||   445
       Headbutt          |     9 |    10 |    46 ||    65
       Punch             |       |     1 |     4 ||     5
       Unarmed           |       |    19 |       ||    19
Throw: Boomerang         |       |       |    37 ||    37
Invok: Berserk           |     1 |     2 |    10 ||    13
  Use: Scroll            |     7 |     9 |     2 ||    18
       Potion            |     2 |     2 |       ||     4
Armor: Animal skin       |     5 |       |       ||     5
       Ring mail         |     7 |     9 |       ||    16
       Scale mail        |       |    15 |     6 ||    21
       Skin              |       |     3 |       ||     3
       Chain mail        |       |       |    69 ||    69
Dodge: Dodged            |    28 |    55 |   140 ||   223

Table legend:
 A = Non-vault XP
 B = Vault XP
 C = Vault XP percentage of total XP
 D = Non-vault monster count
 E = Vault monster count
 F = Vault count percentage of total count
                 A         B        C        D         E       F
            +---------+---------+-------+---------+---------+-------
      Total |    3158 |    2060 |  39.5 |     108 |      38 |  26.0
            +---------+---------+-------+---------+---------+-------
        D:1 |      34 |       0 |   0.0 |      20 |       0 |   0.0
        D:2 |      28 |       0 |   0.0 |      15 |       0 |   0.0
        D:3 |      91 |      46 |  33.6 |       8 |       9 |  52.9
        D:4 |     304 |     214 |  41.3 |      15 |       2 |  11.8
        D:5 |     446 |     315 |  41.4 |      16 |       5 |  23.8
        D:6 |     648 |     576 |  47.1 |      14 |      15 |  51.7
        D:7 |    1607 |     404 |  20.1 |      20 |       1 |   4.8
        D:8 |       0 |     505 | 100.0 |       0 |       6 | 100.0
            +---------+---------+-------+---------+---------+-------
